Map: 2000 Atmospheres LE

Players

DrogoTalks - Winner!

  • Race: Protoss Protoss
  • League: Grandmaster

Bee

  • Race: Zerg Zerg
  • League: Grandmaster

VOD

Have the link to the VOD?

Description

Time

  • Played on: May 11, 2021, 12:32 p.m.
  • Length: 10:42
Show
View Real Time Build Order
Export as new Build Order

DrogoTalks Protoss - Winner!

Build Orders: 1 Gate Expand, Mass Adepts 

Get SALT Encoding   

  12  0:00  Probe  
  13  0:12  Probe  
  14  0:18  Pylon  
  14  0:24  Probe (Chrono Boost)  
  15  0:36  Probe (Chrono Boost)  
  15  0:39  Gateway  
  16  0:45  Probe (Chrono Boost)  
  16  0:47  Assimilator  
  17  0:54  Probe  
  18  1:06  Probe  
  19  1:18  Probe  
  19  1:24  Nexus  
  20  1:33  Cybernetics Core  
  20  1:36  Probe  
  21  1:41  Assimilator  
  21  1:49  Probe  
  21  1:51  Pylon  
  22  2:01  Probe  
  23  2:09  Warp Gate  
  23  2:10  Stalker (Chrono Boost)  
  23  2:13  Probe  
  26  2:21  Twilight Council  
  26  2:25  Probe (Chrono Boost)  
  27  2:33  Adept  
  31  2:37  Probe (Chrono Boost)  
  31  2:38  Probe (Chrono Boost)  
  31  2:45  Probe (Chrono Boost)  
  31  2:46  Probe (Chrono Boost)  
  31  2:51  Probe x2 (Chrono Boost)  
  35  2:59  Robotics Facility  
  35  3:03  Probe x2  
  37  3:06  Gateway  
  37  3:08  Resonating Glaives (Chrono Boost)  
  37  3:14  Adept  
  37  3:17  Probe  
  37  3:18  Probe  
  41  3:24  Gateway  
  41  3:29  Gateway  
  41  3:32  Probe  
  41  3:33  Probe  
  43  3:37  Pylon  
  43  3:44  Warp Prism (Chrono Boost)  
  43  3:45  Probe  
  46  3:54  Pylon  
  46  3:55  Probe  
  47  4:01  Adept x2  
  51  4:04  Probe  
  51  4:05  Pylon  
  52  4:12  Assimilator, Probe  
  53  4:18  Probe  
  54  4:25  Adept x4  
  54  4:30  Pylon  
  62  4:32  Probe  
  62  4:33  Observer  
  64  4:45  Adept x3  
  71  4:52  Probe  
  71  4:55  Pylon, Probe  
  72  5:06  Pylon  
  72  5:11  Adept x3  
  72  5:13  Adept  
  80  5:18  Assimilator  
  80  5:20  Nexus, Charge (Chrono Boost)  
  80  5:21  Pylon  
  80  5:28  Probe  
  79  5:29  Probe  
  78  5:40  Probe  
  78  5:41  Immortal (Chrono Boost), Adept, Probe  
  76  5:46  Adept x2  
  82  5:52  Probe  
  82  5:57  Adept  
  85  6:04  Shield Battery, Adept  
  85  6:05  Shield Battery  
  85  6:08  Probe  
  88  6:14  Adept x2  
  82  6:21  Adept  
  82  6:24  Immortal (Chrono Boost)  
  82  6:27  Nexus  
  82  6:30  Adept  
  82  6:32  Probe  
  89  6:33  Probe  
  90  6:47  Gateway x2  
  90  6:49  Sentry x2, Gateway  
  90  6:50  Sentry x2  
  90  6:53  Warp Prism (Chrono Boost)  
  100  7:10  Pylon  
  100  7:11  Pylon x2  
  100  7:28  Adept x4  
  108  7:32  Pylon  
  108  7:36  Pylon  
  106  7:41  Probe  
  106  7:42  Probe  
  108  7:47  Adept x3  
  108  7:48  Adept x3  
  108  7:49  Adept  
  116  8:13  Adept x7  
  117  8:29  Immortal (Chrono Boost)  
  119  8:38  Adept x4  
  115  8:48  Probe  
  115  8:52  Adept x3  
  122  9:00  Immortal (Chrono Boost)  
  124  9:07  Adept x4  
  95  9:23  Probe  
  76  9:24  Adept  
  76  9:25  Adept x2, Probe  
  81  9:32  Probe  
  81  9:35  Probe  
  81  9:36  Sentry x3  
  81  9:37  Sentry  
  91  9:48  Immortal (Chrono Boost)  
  91  9:49  Adept x2  
  82  9:53  Adept  
  78  10:03  Adept x4  
  78  10:11  Adept x2  
  74  10:19  Adept  
  74  10:20  Probe  
  71  10:23  Adept  
  73  10:30  Adept x2  
Show
View Real Time Build Order
Export as new Build Order

Bee Zerg 

Build Orders: Hatch First 

Get SALT Encoding   

  12  0:00  Drone  
  13  0:08  Drone  
  14  0:14  Extractor  
  14  0:15  Drone  
  15  0:35  Hatchery  
  15  0:42  Extractor, Drone  
  14  0:47  Overlord  
  15  1:02  Spawning Pool  
  14  1:06  Drone  
  14  1:09  Drone  
  16  1:13  Extractor  
  16  1:15  Drone  
  16  1:19  Drone  
  17  1:27  Drone  
  18  1:38  Drone  
  19  1:47  Drone  
  19  1:48  Queen x2  
  19  1:53  Drone  
  25  1:58  Drone  
  26  2:02  Overlord  
  26  2:09  Zergling x2  
  26  2:10  Drone  
  28  2:20  Drone  
  28  2:21  Drone  
  30  2:32  Drone x2, Metabolic Boost  
  32  2:38  Hatchery  
  32  2:43  Overlord  
  31  2:47  Drone  
  32  2:52  Overlord  
  32  3:02  Drone x4  
  36  3:07  Roach Warren  
  36  3:08  Drone  
  36  3:11  Drone  
  36  3:12  Extractor  
  36  3:18  Drone  
  37  3:21  Drone  
  37  3:22  Queen  
  37  3:25  Overlord  
  40  3:29  Drone  
  40  3:30  Drone  
  40  3:31  Drone  
  40  3:33  Drone  
  44  3:37  Overlord  
  44  3:43  Drone  
  44  3:47  Roach x3  
  51  3:51  Roach  
  51  3:52  Spore Crawler  
  51  3:54  Drone  
  53  3:59  Spore Crawler  
  51  4:04  Spore Crawler  
  51  4:05  Zergling x6  
  53  4:12  Ravager x2  
  53  4:13  Zergling x6  
  58  4:17  Zergling x6  
  58  4:20  Overlord  
  58  4:22  Ravager  
  62  4:25  Overlord  
  62  4:37  Ravager, Overlord  
  63  4:39  Zergling x2  
  63  4:40  Zergling x10  
  66  4:46  Overlord  
  66  4:49  Zergling x6  
  69  4:58  Zergling x8  
  72  5:02  Overlord  
  72  5:07  Roach  
  74  5:15  Roach x5  
  74  5:21  Overlord  
  84  5:23  Zergling x4  
  86  5:32  Overlord  
  86  5:38  Drone x5  
  86  5:39  Lair  
  91  5:47  Drone x3  
  94  5:50  Evolution Chamber  
  94  5:53  Drone x4  
  97  5:57  Overlord  
  97  6:00  Drone  
  97  6:03  Drone x2  
  97  6:04  Drone  
  93  6:23  Roach x9  
  104  6:28  Zerg Missile Weapons Level 1  
  104  6:38  Roach x6  
  110  6:44  Overlord  
  110  6:46  Extractor  
  110  6:47  Extractor  
  104  6:51  Drone x3  
  107  6:54  Glial Reconstitution  
  107  6:56  Drone x4  
  107  6:57  Extractor  
  110  7:02  Drone x3  
  110  7:06  Drone  
  110  7:07  Drone x3  
  110  7:08  Overlord, Drone  
  117  7:09  Queen  
  117  7:11  Overlord  
  118  7:21  Extractor  
  117  7:24  Drone x3  
  119  7:32  Hatchery  
  119  7:35  Roach x6  
  130  7:38  Overseer  
  130  7:42  Roach x3  
  135  7:47  Roach  
  135  7:49  Ravager x2  
  139  7:56  Roach x4  
  144  8:01  Roach  
  144  8:02  Overlord x2  
  144  8:09  Roach x4  
  124  8:23  Roach x4  
  124  8:24  Ravager x3  
  128  8:31  Roach x4  
  132  8:41  Roach x2  
  132  8:47  Roach x3  
  132  8:50  Ravager  
  133  8:56  Roach x4  
  139  9:07  Roach x3  
  135  9:12  Roach x2  
  113  9:17  Roach x2  
  113  9:30  Roach x4  
  120  9:34  Roach  
  122  9:45  Roach x5  
  122  9:51  Roach  
  118  9:54  Roach x2  
  112  10:03  Roach x2  
  99  10:12  Roach x2  
  95  10:20  Roach x5  
  95  10:21  Roach  
Tags
 
Add a new tag
Caveats
  • Supply blocks, unpowered buildings, or Contaminate may cause inaccurate times.
  • Supply counts are checked every 10 seconds.